 Dungeon Crawl Stone Soup version 0.27-a0-1579-g97d2440184 (webtiles) character file.

Game seed: 5537257587298420894

45833 mandarbmax the Slicer (level 14, -7/72 HPs)
             Began as a Vine Stalker Fighter on July 17, 2021.
             Was a High Priest of Uskayaw.
             Mangled by a seven-headed hydra (8 damage)
             ... on level 6 of the Lair of Beasts.
             The game lasted 00:36:37 (14862 turns).

mandarbmax the Slicer (Vine Stalker Fighter)       Turns: 14862, Time: 00:36:39

Health: -7/72      AC: 20    Str: 27    XL:     14   Next: 34%
Magic:  0/40       EV: 11    Int:  8    God:    Uskayaw [*****.]
Gold:   398        SH: 18    Dex: 20    Spells: 8/13 levels left

rFire    + . .     SeeInvis .   s - +3 dagger of Vouriops {drain, Contam rElec Will+ Str+3}
rCold    . . .     Faith    .   J - +5 kite shield {reflect}
rNeg     . . .     Spirit   +   O - +2 chain mail {rF+}
rPois    .         Reflect  +   E - +1 helmet
rElec    +         Harm     .   P - +0 cloak
rCorr    +         Rampage  +   e - +1 pair of gloves
Will     ++...                  p - +1 pair of boots
Stlth    ..........             n - amulet "Seituy" {Rampage rElec Will- Regen+ MP+9}
HPRegen  2.22/turn              W - ring "Rytzofoh" {Will+ rCorr MP+9}
MPRegen  0.27/turn              o - +6 ring of dexterity

@: no status effects
A: fangs 3, regeneration 1, magic shield, antimagic bite, no potion heal 2
a: Renounce Religion, Stomp, Line Pass, Grand Finale


You were on level 6 of the Lair of Beasts.
You worshipped Uskayaw.
Uskayaw was aware of your devotion.
You visited 3 branches of the dungeon, and saw 18 of its levels.
You also visited: Ossuary.

You collected 1126 gold pieces.
You spent 728 gold pieces at shops.

Inventory:

Hand Weapons
 s - the +3 dagger of Vouriops (weapon) {drain, Contam rElec Will+ Str+3}
   (You found it on level 4 of the Dungeon)

   A truly terrible weapon, it drains the life of any living foe it strikes.
   Str:       It affects your strength (+3).
   rElec:     It insulates you from electricity.
   Contam:    It causes magical contamination when unequipped.
   Will:      It increases your willpower.
Missiles
 x - 78 poisoned darts (quivered)
 F - 12 boomerangs
 H - a curare-tipped dart
 I - 2 throwing nets
 U - 8 atropa-tipped darts
Armour
 e - a +1 pair of gloves (worn)
 p - a +1 pair of boots (worn)
 E - a +1 helmet (worn)
 J - a +5 kite shield of reflection (worn)
 O - a +2 chain mail of fire resistance (worn)
 P - a +0 cloak (worn)
Jewellery
 n - the amulet "Seituy" (around neck) {Rampage rElec Will- Regen+ MP+9}
   (You found it on level 4 of the Lair of Beasts)

   [amulet of regeneration]

   rElec:     It insulates you from electricity.
   MP:        It affects your magic capacity (+9).
   Regen:     It increases your rate of health regeneration.
   Rampage:   It bestows one free step when moving towards enemies.
   Will:      It decreases your willpower.
 o - a +6 ring of dexterity (right hand)
 q - an amulet of reflection
 Q - a ring of wizardry
 W - the ring "Rytzofoh" (left hand) {Will+ rCorr MP+9}
   (You found it on level 5 of the Lair of Beasts)

   [ring of resist corrosion]

   MP:        It affects your magic capacity (+9).
   rCorr:     It protects you from acid and corrosion.
   Will:      It increases your willpower.
 X - a ring of protection from cold
Wands
 z - a wand of flame (25)
 D - a wand of digging (11)
 M - a wand of mindburst (22)
 S - a wand of iceblast (10)
 V - a wand of charming (10)
Scrolls
 d - a scroll of magic mapping
 f - a scroll of immolation {unknown}
 g - 2 scrolls of vulnerability
 i - 2 scrolls of amnesia
 j - a scroll of holy word
 k - a scroll of summoning
 l - a scroll of blinking
 m - 2 scrolls of fog
 r - 3 scrolls of enchant weapon
 u - a scroll of torment {unknown}
 y - 2 scrolls of fear
 G - a scroll of acquirement {unknown}
 L - 2 scrolls of teleportation
Potions
 a - a potion of resistance {unknown}
 b - a potion of might
 c - a potion of berserk rage
 h - 4 potions of mutation
 t - a potion of invisibility
 w - 3 potions of brilliance
 A - a potion of cancellation
 C - 3 potions of lignification
 N - 5 potions of curing
 R - a potion of flight


   Skills:
 + Level 7.5 Fighting
 - Level 12.0 Short Blades
 + Level 7.0 Armour
 + Level 6.2 Dodging
 - Level 10.0 Shields
 + Level 6.3 Transmutations
 - Level 5.0 Air Magic
 - Level 10.0 Invocations


You had 8 spell levels left.
You knew the following spells:

 Your Spells              Type           Power      Damage    Failure   Level
a - Wereblood             Tmut           10%        N/A       43%         2
b - Swiftness             Air            8%         N/A       85%         3

Your spell library contained the following spells:

 Spells                   Type           Power      Damage    Failure   Level
 Shock                    Conj/Air       16%        1d4       83%         1
 Corpse Rot               Necr/Air       N/A        N/A       92%         2
 Static Discharge         Conj/Air       4%         N/A       92%         2
 Spider Form              Tmut/Pois      2%         N/A       98%         3
 Ensorcelled Hibernation  Hex/Ice        0%         N/A       99%         2
 Slow                     Hex            0%         N/A       99%         2
 Sublimation of Blood     Necr           0%         N/A       99%         2
 Ignite Poison            Fire/Tmut/Pois 3%         N/A       99%         3
 Airstrike                Air            4%         N/A       99%         4
 Confusing Touch          Hex            0%         N/A       100%        3
 Mephitic Cloud           Conj/Pois/Air  2%         N/A       100%        3
 Vampiric Draining        Necr           0%         2d6       100%        3
 Dispel Undead            Necr           0%         3d6       100%        4
 Sticky Flame             Conj/Fire      0%         2d3       100%        4
 Summon Ice Beast         Ice/Summ       0%         N/A       100%        4
 Bolt of Magma            Conj/Fire/Erth 0%         4d4       100%        5
 Summon Mana Viper        Hex/Summ       0%         N/A       100%        5
 Death Channel            Necr           0%         N/A       100%        6
 Shadow Creatures         Summ           N/A        N/A       100%        6
 Monstrous Menagerie      Summ           0%         N/A       100%        7
 Summon Hydra             Summ           0%         N/A       100%        7


Dungeon Overview and Level Annotations

Branches:
Dungeon (11/15)            Temple (1/1) D:4            Lair (6/6) D:8
  Swamp (0/4) Lair:3        Snake (0/4) Lair:3        Slime (0/5) Lair:5
    Orc (0/2) D:10        Ossuary (visited)

Altars:
Ashenzari
Cheibriados
Dithmenos
Elyvilon
Fedhas
Gozag
Hepliaklqana
Kikubaaqudgha
Makhleb
Nemelex Xobeh
Okawaru
Qazlal
Ru
Sif Muna
Trog
Uskayaw
Vehumet
Wu Jian
Xom
Yredelemnul
Zin
The Shining One
Jiyva

Shops:
D:5 =   D:7 [

Annotations:
D:4 2 transporters, DocClef's ghost, amateur GnDe


Innate Abilities, Weirdness & Mutations

You have razor-sharp teeth.
Your natural rate of healing is unusually fast.
When hurt, damage is shared between your health and your magic reserves.
Your bite disrupts and absorbs the magic of your enemies.
Potions cannot restore your health.


Message History

The blink frog blinks!
The water moccasin bites you but does no damage.
You block the hornet's attack.
A water moccasin comes into view.
The water moccasin closely misses you. You block the yak's attack.
The seven-headed hydra completely misses you.
The seven-headed hydra bites you. The seven-headed hydra bites you!
You block the seven-headed hydra's attack.
The seven-headed hydra barely misses you.
The seven-headed hydra bites you.
* * * LOW HITPOINT WARNING * * *
The seven-headed hydra barely misses you.
The hornet barely misses you.
You can now merge with and destroy a victim.
Unknown command.
You feel yourself speed up.
The water moccasin hisses angrily.
The elephant is no longer sharing its pain.
You block the water moccasin's attack.
The boggart gestures wildly while chanting.
The boggart blinks!
You block the hornet's attack. You block the yak's attack.
The water moccasin closely misses you.
The seven-headed hydra closely misses you.
The seven-headed hydra bites you!
* * * LOW HITPOINT WARNING * * *
The seven-headed hydra bites you but does no damage.
The seven-headed hydra barely misses you.
The seven-headed hydra bites you but does no damage.
The seven-headed hydra bites you!
* * * LOW HITPOINT WARNING * * *
The seven-headed hydra bites you but does no damage.
The blink frog blinks!
You block the elephant's attack.
The elephant trunk-slaps you but does no damage.
The hornet closely misses you. You block the yak's attack.
The boggart mumbles some strange words.
The seven-headed hydra bites you.
* * * LOW HITPOINT WARNING * * *
The seven-headed hydra barely misses you.
The seven-headed hydra bites you!
You die...

............##.#
......§..h..i.####
..h....i.yY.FS..P#
..ii$ihiF.h.#†..###
..........i##Y†...## .
.......#.####hgYD..#...
#.....#### #YYYYY......
P.#..# #yYDYY...... #
.## ##@SY..##P.. .#
#†Yg.## #†..#.#
.§F.#..# ##....<#.#
#..F....# ....... .
........


You could see a seven-headed hydra (pain bonded), a five-headed hydra
(summoned), 8 elephants, a polar bear (pain bonded), 3 yaks, 2 blink frogs, a
hornet (pain bonded), a water moccasin (pain bonded), a dream sheep (pain
bonded) and 2 boggarts.

Vanquished Creatures
  Rupert (Lair:4)
  Kirke (Lair:4)
  4 hydras
  Erica (D:10)
  A catoblepas (Lair:4)
  A tengu warrior (D:10)
  A two-headed ogre (D:9)
  4 death yaks (Lair:4)
  Nergalle (Lair:4)
  4 black mambas
  4 elephants (Lair:4)
  2 torpor snails
  7 cane toads
  7 komodo dragons
  2 rime drakes
  2 trolls (D:10)
  6 polar bears
  3 hornets
  10 dream sheep
  13 blink frogs
  2 shadows (D:9)
  34 yaks
  A vampire (D:9)
  9 spriggans (Lair:6)
  5 wyverns
  6 hogs (Lair:4)
  2 wraiths (D:10)
  4 basilisks
  Duvessa (D:5)
  21 water moccasins
  2 ice beasts (D:6)
  A sky beast (D:5)
  4 orc warriors
  9 black bears
  4 ogres
  41 wolves
  3 centaurs
  An elf zombie (Ossuary)
  2 kobold brigands
  14 bullfrogs
  3 scorpions
  Dowan (D:5)
  A water moccasin skeleton (D:4)
  11 killer bees
  5 wights
  2 howler monkeys
  4 centaur zombies
  2 human zombies (Ossuary)
  2 orc priests
  A centaur skeleton (D:6)
  A gnoll shaman (D:9)
  3 hounds
  2 iguanas
  2 orc wizards
  A howler monkey zombie (D:10)
  2 mummies (Ossuary)
  5 gnolls (D:9)
  A howler monkey skeleton (D:6)
  7 adders
  A shadow imp (D:5)
  A white imp (D:5)
  2 adder skeletons (D:4)
  A worm (D:2)
  2 dart slugs (D:2)
  18 orcs
  4 bats
  4 endoplasms
  4 giant cockroaches
  3 gnoll zombies (Ossuary)
  4 goblins
  6 hobgoblins
  7 jackals
  3 quokkas
  6 ball pythons
  5 frilled lizards
  2 goblin zombies (Ossuary)
  3 hobgoblin zombies (Ossuary)
  20 kobolds
  3 orc zombies (Ossuary)
396 creatures vanquished.

Vanquished Creatures (others)
  A dream sheep (Lair:6)
  A kobold (D:7)
  50 fungi
  58 plants
110 creatures vanquished.

Grand Total: 506 creatures vanquished

Notes
Turn   | Place    | Note
-------+----------+-------------------------------------------
     0 | D:1      | mandarbmax the Vine Stalker Fighter began the quest for the
                  | Orb.
     0 | D:1      | Reached XP level 1. HP: 11/11 MP: 2/2
    49 | D:1      | Reached skill level 2 in Short Blades
    53 | D:1      | Reached XP level 2. HP: 4/16 MP: 0/3
  1144 | D:2      | Reached XP level 3. HP: 19/19 MP: 4/4
  1454 | D:2      | Found a faded altar of an unknown god.
  1943 | D:2      | Gained mutation: Your natural rate of healing is unusually
                  | fast. [Vine Stalker growth]
  1943 | D:2      | Reached XP level 4. HP: 4/24 MP: 5/5
  2188 | D:2      | Reached skill level 3 in Short Blades
  2820 | D:3      | Learned a level 2 spell: Wereblood
  3021 | D:3      | Reached XP level 5. HP: 24/28 MP: 6/6
  3327 | D:4      | Found a blossoming altar of Fedhas.
  3373 | D:4      | Reached skill level 4 in Short Blades
  3491 | D:4      | Reached XP level 6. HP: 32/32 MP: 7/7
  3502 | D:4      | You fall into a shaft and drop 3 floors!
  3504 | D:7      | Found Tanuwoo's Antique Armour Shoppe.
  3512 | D:7      | Bought a pair of boots for 94 gold pieces
  3520 | D:6      | Found a sand-covered staircase.
  3552 | Ossuary  | Entered an ossuary
  3633 | Ossuary  | Reached skill level 5 in Short Blades
  3687 | Ossuary  | Reached XP level 7. HP: 35/36 MP: 8/8
  3817 | D:5      | Entered Level 5 of the Dungeon
  3842 | D:5      | Found Qitsalel's Jewellery Boutique.
  3853 | D:5      | Reached skill level 6 in Short Blades
  3864 | D:5      | Bought an amulet of reflection for 330 gold pieces
  3887 | D:4      | Noticed DocClef's ghost (amateur GnDe)
  3894 | D:4      | Found an ornate altar of the Wu Jian Council.
  3896 | D:4      | Found a shimmering altar of Xom.
  3944 | D:4      | Found a transporter.
  3955 | D:4      | Found a transporter.
  4133 | D:4      | Found a staircase to the Ecumenical Temple.
  4258 | Temple   | Entered the Ecumenical Temple
  4311 | Temple   | Became a worshipper of Uskayaw the Reveller
  4333 | D:4      | Identified the +3 dagger of Vouriops {drain, Contam rElec
                  | Will+ Str+3}
  4530 | D:5      | Reached * piety under Uskayaw
  4539 | D:5      | Reached ** piety under Uskayaw
  4540 | D:5      | Reached skill level 5 in Shields
  4589 | D:5      | Gained mutation: You have razor-sharp teeth. [Vine Stalker
                  | growth]
  4589 | D:5      | Reached XP level 8. HP: 19/40 MP: 2/9
  4720 | D:5      | Reached *** piety under Uskayaw
  4783 | D:5      | Noticed Duvessa
  4785 | D:5      | Noticed Dowan
  4806 | D:5      | Killed Duvessa
  4807 | D:5      | Reached skill level 7 in Short Blades
  4808 | D:5      | Killed Dowan
  4869 | D:5      | Reached **** piety under Uskayaw
  4870 | D:5      | Reached skill level 1 in Invocations
  5351 | D:5      | Found a shimmering blue altar of Sif Muna.
  5449 | D:6      | Found an opulent altar of Gozag.
  5597 | D:6      | Reached skill level 8 in Short Blades
  5631 | D:6      | Reached XP level 9. HP: 44/44 MP: 11/11
  6355 | D:7      | Noticed a hornet
  6369 | D:7      | Killed a hornet
  6395 | D:6      | Reached skill level 9 in Short Blades
  6416 | D:6      | Reached ***** piety under Uskayaw
  6662 | D:7      | Found a white marble altar of Elyvilon.
  6729 | D:8      | Found a staircase to the Lair.
  6729 | D:8      | Noticed a komodo dragon
  6752 | D:8      | Killed a komodo dragon
  6753 | D:8      | Reached XP level 10. HP: 47/49 MP: 14/14
  6757 | D:8      | Reached ****** piety under Uskayaw
  6758 | D:8      | Reached skill level 5 in Invocations
  6918 | D:8      | Reached skill level 10 in Short Blades
  8465 | D:9      | Noticed a two-headed ogre
  8477 | D:9      | Killed a two-headed ogre
  8478 | D:9      | Reached skill level 11 in Short Blades
  8478 | D:9      | Reached XP level 11. HP: 43/52 MP: 16/16
  8650 | D:9      | Found a glowing silver altar of Zin.
  9002 | D:7      | Bought a glowing helmet for 157 gold pieces
  9008 | D:7      | Bought a glowing ring mail for 147 gold pieces
  9130 | D:10     | Entered Level 10 of the Dungeon
  9172 | D:10     | Noticed Erica
  9178 | D:10     | Killed Erica
  9426 | D:10     | Noticed a tengu warrior
  9469 | D:10     | Killed a tengu warrior
  9607 | D:10     | Found the +11 plutonium sword {Contam Stlth-}
  9691 | D:10     | Found a staircase to the Orcish Mines.
 10147 | D:11     | Noticed a skeletal warrior
 10284 | Lair:1   | Entered Level 1 of the Lair of Beasts
 10332 | Lair:1   | Reached skill level 12 in Short Blades
 10960 | Lair:1   | Learned a level 3 spell: Swiftness
 11282 | Lair:2   | Found a hazy altar of Hepliaklqana.
 11412 | Lair:2   | Noticed a seven-headed hydra
 11426 | Lair:2   | Killed a seven-headed hydra
 11427 | Lair:2   | Reached XP level 12. HP: 34/56 MP: 12/19
 11430 | Lair:2   | Reached skill level 10 in Shields
 11835 | Lair:2   | Noticed a five-headed hydra
 11848 | Lair:2   | Killed a five-headed hydra
 11874 | Lair:2   | Reached skill level 1 in Transmutations
 11874 | Lair:2   | Reached skill level 1 in Air Magic
 12069 | Lair:3   | Reached skill level 1 in Dodging
 12391 | Lair:3   | Found a staircase to the Snake Pit.
 12658 | Lair:3   | Noticed an eight-headed hydra
 12661 | Lair:3   | Noticed a six-headed hydra
 12665 | Lair:3   | Killed an eight-headed hydra
 12674 | Lair:3   | Killed a six-headed hydra
 12703 | Lair:3   | Found a staircase to the Swamp.
 12827 | Lair:4   | Noticed Rupert
 12828 | Lair:4   | Noticed a death yak
 12830 | Lair:4   | Paralysed by Rupert for 6 turns
 12835 | Lair:4   | Noticed a death yak
 12836 | Lair:4   | Noticed a death yak
 12839 | Lair:4   | Noticed a death yak
 12846 | Lair:4   | Killed Rupert
 12847 | Lair:4   | Reached skill level 10 in Invocations
 12847 | Lair:4   | Reached XP level 13. HP: 63/63 MP: 21/21
 12854 | Lair:4   | Reached skill level 5 in Fighting
 12990 | Lair:4   | Identified the amulet "Seituy" {Rampage rElec Will- Regen+
                  | MP+9}
 13094 | Lair:4   | Noticed Kirke
 13121 | Lair:4   | Reached skill level 5 in Armour
 13138 | Lair:4   | Killed Kirke
 13439 | Lair:4   | Reached skill level 5 in Air Magic
 13444 | Lair:4   | Reached skill level 5 in Transmutations
 13552 | Lair:4   | Noticed Nergalle
 13574 | Lair:4   | Killed Nergalle
 13978 | Lair:5   | Reached skill level 5 in Dodging
 14002 | Lair:5   | Found a viscous altar of Jiyva.
 14003 | Lair:5   | Found a staircase to the Slime Pits.
 14176 | Lair:5   | Identified the ring "Rytzofoh" {Will+ rCorr MP+9}
 14740 | Lair:6   | Entered Level 6 of the Lair of Beasts
 14745 | Lair:6   | Reached XP level 14. HP: 70/70 MP: 22/22
 14862 | Lair:6   | HP: 3/72 [seven-headed hydra (8)]
 14862 | Lair:6   | HP: 1/72 [seven-headed hydra (2)]
 14862 | Lair:6   | Mangled by a seven-headed hydra

Illustrated notes

Levels and vault maps discovered:
D:1:      lemuel_arrival_behind_the_door_small, layout_loops_ring,
          serial_forest, infiniplex_forest_clump_small,
          infiniplex_forest_corner_1, infiniplex_forest_straight_4,
          infiniplex_forest_straight_4, infiniplex_forest_lined_3,
          infiniplex_forest_lined_3, infiniplex_forest_lined_1,
          infiniplex_forest_corner_2
D:2:      layout_loops_cross, hellmonk_ecumenical_altar_zigzags,
          kennysheep_generic_room_7
D:3:      layout_loops_ring, minmay_misc_feat_tiny, minmay_misc_feat_room
D:4:      layout_loops_ring, mainiacjoe_overflow_tiny_flanked,
          grunt_temple_overflow_open, minmay_temple_entry_offerings,
          gammafunk_ghost_arena, st_stairs_11
D:5:      layout_loops_corners, kennysheep_orc_sif_temple, serial_shops,
          nicolae_stop_n_shop_1, uniq_duvessa
D:6:      layout_loops_ring, mainiacjoe_overflow_paths,
          lightli_ossuary_entry_decrepit_ruins, nicolae_benzene_ring
D:7:      layout_cave_pools, elyvilon_altar_1, serial_shops, shop_statue
D:8:      layout_basic, due_lair_maze_entry_diamond
D:9:      layout_grid_maze, zin_statuary
D:10:     layout_loops_ring, orc_0_dummy, uniq_erica
D:11:     layout_rooms, muffindrake_ghost_dual_entry, uniq_grum
Temple:   eino_wide_crystal_templ
Lair:1:   layout_small_grid, chequers_serial_rivers_micro_a
Lair:2:   layout_regular_city, basic_altar
Lair:3:   layout_loops_ring, palyth_hydra_swamp_entry, dummy_snake_entry
Lair:4:   layout_hall_layers, uniq_kirke, uniq_rupert, uniq_nergalle
Lair:5:   layout_loops_ring, slime_altar_1, small_statue_intersection
Lair:6:   minmay_lair_end_enchanted_forest, layout_cave_pods

Skill      XL: |  1  2  3  4  5  6  7  8  9 10 11 12 13 14 |
---------------+-------------------------------------------+-----
Short Blades   | 2 3 4 5 6 8 9 11 12 | 12.0
Shields        | 3 4 5 6 7 8 9 10 | 10.0
Fighting       | 3 4 6 7 |  7.5
Armour         | 3 4 6 7 |  7.0
Invocations    | 2 4 6 8 10 | 10.0
Transmutations | 3 5 6 |  6.3
Air Magic      | 3 5 |  5.0
Dodging        | 3 5 6 |  6.2

Action                   |  1- 3 |  4- 6 |  7- 9 | 10-12 | 13-15 || total
-------------------------+-------+-------+-------+-------+-------++-------
Melee: Rapier            |    95 |   169 |    50 |       |       ||   314
       Bite              |    26 |    49 |    97 |   279 |   225 ||   676
       Dagger            |       |       |   231 |   633 |   404 ||  1268
Throw: Dart              |       |       |    12 |    51 |    31 ||    94
 Cast: Wereblood         |       |       |       |       |     8 ||     8
Invok: Line Pass         |       |       |     3 |     5 |     5 ||    13
       Stomp             |       |       |       |     4 |    10 ||    14
       Grand Finale      |       |       |       |     1 |     1 ||     2
Evoke: Wand              |       |     1 |    10 |    16 |       ||    27
  Use: Potion            |       |     1 |       |     7 |       ||     8
       Scroll            |       |     2 |     4 |    15 |     7 ||    28
 Stab: Paralysed         |       |       |     5 |    32 |    15 ||    52
       Confused          |       |       |     1 |     1 |       ||     2
       Invisible         |       |       |       |       |     2 ||     2
Armor: Scale mail        |    38 |   108 |    41 |       |       ||   187
       Plate armour      |       |       |    45 |    55 |       ||   100
       Skin              |       |       |       |    10 |       ||    10
       Ring mail         |       |       |       |    76 |     7 ||    83
       Chain mail        |       |       |       |       |   147 ||   147
Dodge: Dodged            |    40 |    67 |    45 |    83 |   118 ||   353
Block: Kite shield       |    61 |   116 |   215 |   397 |   309 ||  1098
       Reflection        |       |       |     5 |     2 |     1 ||     8

Table legend: (Time is in decaauts)
 A = Elapsed time spent in this place.
 B = Non-inter-level travel time spent in this place.
 C = Inter-level travel time spent in this place.
 D = Time resting spent in this place.
 E = Time spent auto-exploring this place.
 F = Levels seen in this place.
 G = Mean time per level.
                   A        B        C        D        E       F      G
               +--------+--------+--------+--------+--------+-----+--------+
         Total |  14549 |  13692 |    857 |   1092 |  10025 |  19 |  765.7 |
       Dungeon |   9908 |   9146 |    762 |    992 |   6593 |  11 |  900.7 |
        Temple |     73 |     53 |     20 |      0 |     50 |   1 |   73.0 |
          Lair |   4339 |   4266 |     73 |    100 |   3304 |   6 |  723.2 |
       Ossuary |    228 |    228 |      0 |      0 |     78 |   1 |  228.0 |
               +--------+--------+--------+--------+--------+-----+--------+

Top non-repeatable levels by time:
     D:9: 1416 daAuts
     D:2: 1407 daAuts
     D:1: 1155 daAuts
     D:5: 1139 daAuts
    D:10: 1009 daAuts
     D:8: 998 daAuts
  Lair:4: 992 daAuts
  Lair:1: 979 daAuts
     D:6: 864 daAuts
  Lair:5: 832 daAuts
     D:3: 732 daAuts
  Lair:2: 726 daAuts
  Lair:3: 725 daAuts
     D:4: 674 daAuts
     D:7: 504 daAuts
